 Dungeon Crawl Stone Soup version 0.31-a0-210-gccc998df9b (webtiles) character file.

Game seed: 6608785549563912311

993 qw the Skirmisher (level 7, -17/62 HPs)
             Began as a Minotaur Hexslinger on June 29, 2023.
             Demolished by an ogre
             ... wielding a +0 giant spiked club
              (25 damage)
             ... on level 5 of the Dungeon.
             The game lasted 00:01:30 (3582 turns).

qw the Skirmisher (Minotaur Hexslinger)             Turns: 3582, Time: 00:01:31

Health: -17/62     AC:  6    Str: 15 (17) XL:     7   Next: 98%
Magic:  7/7        EV: 13    Int:  9      God:
Gold:   193        SH:  0    Dex: 15 (16) Spells: 7/8 levels left

rFire   + . .        Y - +1 sling
rCold   . . .        (no shield)
rNeg    . . .        j - +0 steam dragon scales
rPois   .            (helmet restricted)
rElec   .            (no cloak)
rCorr   .            h - +0 pair of gloves {Dex+3}
SInv    .            (no boots)
Will    .....        i - amulet of faith
Stlth   +            (no ring)
HPRegen 0.30/turn    (no ring)
MPRegen 0.10/turn

%: faith
@: no status effects
A: horns 2, retaliatory headbutt, hooves 1, fire resistance 1, screaming 1,
strong 1
a: no special abilities


You were on level 5 of the Dungeon.
You visited 1 branch of the dungeon, and saw 5 of its levels.

You collected 193 gold pieces.


Innate Abilities, Weirdness & Mutations

You have a pair of horns on your head.
You reflexively headbutt those who attack you in melee.
You have large cloven feet.
Your flesh is heat resistant. (rF+)
You occasionally shout uncontrollably at your foes.
Your muscles are strong. (Str +4, Int/Dex -1)


   Skills:
 - Level 5.7 Fighting
 + Level 8.3 Ranged Weapons
 - Level 1.8 Armour
 - Level 3.1 Dodging
 - Level 1.0 Spellcasting
 - Level 2.0 Hexes


You had 7 spell levels left.
You knew the following spells:

 Your Spells              Type           Power      Damage    Failure   Level
a - Slow                  Hex            16%        N/A       16%         1

Your spell library contained the following spells:

 Spells                   Type           Power      Damage    Failure   Level
 Inner Flame              Hex/Fire       2%         N/A       58%         3
 Portal Projectile        Hex/Tloc       4%         N/A       58%         3
 Cause Fear               Hex            2%         N/A       85%         4

Inventory:

Hand Weapons
 Y - a +1 sling (weapon)
Armour
 g - the +1 leather armour of Diareyfy {Harm *Slow rF+++ SInv}
   (You found it on level 3 of the Dungeon)

   rF:        It renders you almost immune to fire.
   SInv:      It lets you see invisible.
   *Slow:     It may slow you when you take damage.
   Harm:      It increases damage dealt and taken.
 h - a +0 pair of gloves of dexterity (worn)
 j - +0 steam dragon scales (worn)
Jewellery
 f - an amulet of regeneration
 i - an amulet of faith (around neck)
Potions
 a - a potion of enlightenment
 c - a potion of curing {unknown}
 d - 2 potions of lignification {unknown}
 o - a potion of haste {unknown}

Dungeon Overview and Level Annotations

Branches:
Dungeon (5/15)
 Temple: D:4-7

Altars:
Elyvilon
Kikubaaqudgha
Trog
Wu Jian
Xom
Yredelemnul
Zin
The Shining One


Message History

The iguana is moderately wounded.
The iguana bites you.
You shoot a sling bullet.
The sling bullet barely misses the iguana.
The iguana bites you.
You shoot a sling bullet. The sling bullet hits the iguana.
The iguana is moderately wounded.
The iguana barely misses you.
An ogre comes into view. It is wielding a +0 giant spiked club.
You shoot a sling bullet.
The sling bullet hits the iguana but does no damage.
The iguana is moderately wounded.
The iguana bites you.
You shoot a sling bullet. The sling bullet hits the iguana.
The iguana is heavily wounded.
The iguana bites you! The ogre barely misses you. You furiously retaliate!
You headbutt the ogre, but do no damage.
You shoot a sling bullet.
The sling bullet barely misses the iguana.
The iguana bites you!
The ogre hits you with a +0 giant spiked club!!
3578 ||| DRINKING potion of heal wounds.
You feel much better. The iguana barely misses you.
You shoot a sling bullet. The sling bullet hits the iguana.
The iguana is severely wounded.
The iguana barely misses you.
The ogre hits you with a +0 giant spiked club!
You shoot a sling bullet.
The sling bullet closely misses the iguana.
The iguana barely misses you. You furiously retaliate!
You headbutt the iguana.
You kill the iguana!
The ogre hits you with a +0 giant spiked club!
You shoot a sling bullet. The sling bullet hits the ogre!
The ogre is moderately wounded.
You shoot a sling bullet.
The sling bullet hits the ogre but does no damage.
The ogre is moderately wounded.
The ogre hits you with a +0 giant spiked club!!
You die...

################
...............####
#...............###
###.#.#.###.........##
.....................#
###.#.#.##......#.....
#.....##########....
###.### #.... #@#
####. #O..# ## <......
#.#...### ### ......##
#.# ......#. #.# #..
..# # #.## .#..)# #...
###.


You could see an ogre.

Vanquished Creatures
  A water moccasin (D:5)
  3 black bears (D:4)
  An ogre (D:4)
  A scorpion (D:4)
  3 hounds
  Jessica (D:2)
  Natasha (thrice) (D:2)
  2 orc wizards (D:4)
  3 iguanas
  A mummy (D:4)
  7 adders
  An ufetubus (D:4)
  2 worms
  3 orcs
  4 endoplasms
  A giant cockroach (D:4)
  10 goblins
  3 hobgoblins
  3 jackals (D:4)
  6 kobolds
  6 quokkas
  8 ball pythons
  10 bats
  2 frilled lizards (D:2)
  2 kobold zombies (D:4)
  2 orc zombies (D:4)
  4 rats
93 creatures vanquished.

Notes
Turn   | Place    | Note
-------+----------+-------------------------------------------
     0 | D:1      | qw the Minotaur Hexslinger began the quest for the Orb.
     0 | D:1      | Reached XP level 1. HP: 16/16 MP: 1/1
     0 | D:1      | 0 ||| qw: Version: 0.3-a-24-g62f9e04
     0 | D:1      | 0 ||| qw: Game counter: 6695
     0 | D:1      | 0 ||| qw: Melee chars always use a shield: true
     0 | D:1      | 0 ||| qw: God list: Okawaru
     0 | D:1      | 0 ||| qw: Allow faded altars: false
     0 | D:1      | 0 ||| qw: Do Orc after clearing Dungeon:15 true
     0 | D:1      | 0 ||| qw: Do second Lair branch before Depths: true
     0 | D:1      | 0 ||| qw: Lair rune preference: random
     0 | D:1      | 0 ||| qw: Goals: Normal
     0 | D:1      | 0 ||| PLANNING D:1-11
   359 | D:1      | Reached skill level 3 in Ranged Weapons
   473 | D:1      | Reached XP level 2. HP: 23/23 MP: 2/2
   851 | D:1      | 851 ||| UPGRADING to +0 pair of gloves of dexterity.
   856 | D:1      | 856 ||| UPGRADING to +0 steam dragon scales.
   866 | D:1      | 866 ||| DROPPING +0 robe.
   867 | D:1      | 867 ||| UPGRADING to amulet of regeneration.
   872 | D:1      | 872 ||| READING scroll labelled MEIN NIALARU.
   873 | D:1      | 873 ||| READING scroll labelled TIGUUST LIOX.
   874 | D:1      | 874 ||| DROPPING scroll of poison.
   965 | D:2      | Reached XP level 3. HP: 30/30 MP: 3/3
  1055 | D:2      | Noticed Natasha
  1057 | D:2      | 1057 ||| Stepping ~*~*~tactically~*~*~ (outnumbered).
  1059 | D:2      | 1059 ||| Stepping ~*~*~tactically~*~*~ (outnumbered).
  1066 | D:2      | Killed Natasha
  1067 | D:2      | Reached skill level 4 in Ranged Weapons
  1260 | D:2      | Noticed Natasha
  1263 | D:2      | Noticed Jessica
  1267 | D:2      | Killed Natasha
  1268 | D:2      | Reached skill level 1 in Armour
  1268 | D:2      | Reached XP level 4. HP: 26/37 MP: 4/4
  1271 | D:2      | Killed Jessica
  1349 | D:2      | Reached skill level 5 in Ranged Weapons
  1349 | D:2      | Reached XP level 5. HP: 33/42 MP: 5/5
  1526 | D:2      | Noticed Natasha
  1532 | D:2      | Killed Natasha
  1533 | D:2      | Reached skill level 3 in Fighting
  1601 | D:2      | 1601 ||| READING scroll labelled IBAXTA ZODUICO.
  1702 | D:2      | 1702 ||| DRINKING 2 sedimented puce potions.
  1703 | D:2      | 1703 ||| DRINKING 2 brown potions.
  1994 | D:3      | Identified the +1 leather armour of Diareyfy {Harm *Slow
                  | rF+++ SInv}
  2251 | D:3      | Found a shimmering altar of Xom.
  2437 | D:3      | 2437 ||| READING scroll labelled MYDONA LARY.
  2546 | D:4      | Noticed an ogre
  2550 | D:4      | Killed an ogre
  2551 | D:4      | Reached skill level 6 in Ranged Weapons
  2551 | D:4      | Reached XP level 6. HP: 36/51 MP: 6/6
  2595 | D:4      | Found a white marble altar of Elyvilon.
  2655 | D:4      | Found a bloodstained altar of Trog.
  2665 | D:4      | Reached skill level 7 in Ranged Weapons
  2754 | D:4      | Reached XP level 7. HP: 59/59 MP: 7/7
  2794 | D:4      | 2794 ||| FLEEEEING.
  2795 | D:4      | 2795 ||| FLEEEEING.
  2812 | D:4      | 2812 ||| FLEEEEING.
  2813 | D:4      | 2813 ||| FLEEEEING.
  2814 | D:4      | 2814 ||| FLEEEEING.
  2815 | D:4      | 2815 ||| FLEEEEING.
  2816 | D:4      | 2816 ||| FLEEEEING.
  2817 | D:4      | 2817 ||| FLEEEEING.
  2819 | D:4      | 2819 ||| FLEEEEING.
  2820 | D:4      | 2820 ||| FLEEEEING.
  2821 | D:4      | 2821 ||| FLEEEEING.
  2822 | D:4      | 2822 ||| FLEEEEING.
  2823 | D:4      | 2823 ||| FLEEEEING.
  2824 | D:4      | 2824 ||| FLEEEEING.
  2825 | D:4      | 2825 ||| FLEEEEING.
  2826 | D:4      | 2826 ||| FLEEEEING.
  2829 | D:4      | Reached skill level 3 in Dodging
  3035 | D:4      | Reached skill level 8 in Ranged Weapons
  3045 | D:4      | Found an ornate altar of the Wu Jian Council.
  3105 | D:4      | Found a glowing silver altar of Zin.
  3284 | D:4      | Found an ancient bone altar of Kikubaaqudgha.
  3347 | D:4      | Found a basalt altar of Yredelemnul.
  3350 | D:4      | 3350 ||| UPGRADING to amulet of faith.
  3360 | D:4      | 3360 ||| DROPPING +6 ring of intelligence.
  3361 | D:4      | 3361 ||| DROPPING ring of magical power.
  3362 | D:4      | 3362 ||| READING scroll labelled OKEVEYCOPI.
  3363 | D:4      | 3363 ||| READING scroll labelled IMURCH KAPSUSHI.
  3364 | D:4      | 3364 ||| DRINKING 2 fizzy black potions.
  3364 | D:4      | Gained mutation: Your muscles are strong. (Str +4, Int/Dex
                  | -1) [potion of mutation]
  3364 | D:4      | Gained mutation: You have large cloven feet. [potion of
                  | mutation]
  3364 | D:4      | Gained mutation: You are frail. (-10% HP) [potion of
                  | mutation]
  3364 | D:4      | Gained mutation: You possess an exceptional clarity of
                  | mind. [potion of mutation]
  3365 | D:4      | 3365 ||| DRINKING potion of mutation.
  3365 | D:4      | Lost mutation: You possess an exceptional clarity of mind.
                  | [potion of mutation]
  3365 | D:4      | Lost mutation: You are frail. (-10% HP) [potion of
                  | mutation]
  3365 | D:4      | Gained mutation: You occasionally shout uncontrollably at
                  | your foes. [potion of mutation]
  3365 | D:4      | Gained mutation: Your flesh is heat resistant. (rF+)
                  | [potion of mutation]
  3384 | D:4      | 3384 ||| DRINKING 2 bubbling pink potions.
  3385 | D:4      | 3385 ||| DROPPING potion of degeneration.
  3400 | D:5      | Entered Level 5 of the Dungeon
  3531 | D:5      | Found a glowing golden altar of the Shining One.
  3577 | D:5      | HP: 12/62 [ogre/+0 giant spiked club (28)]
  3578 | D:5      | 3578 ||| DRINKING potion of heal wounds.
  3582 | D:5      | Demolished by an ogre

Levels and vault maps discovered:
D:1:      giann_wishing_wells, layout_loops_corners
D:2:      minmay_diamond_boxcup, layout_basic, uniq_natasha, uniq_jessica
D:3:      layout_basic, mainiacjoe_overflow_tiny_flanked,
          hangedman_decor_peaks_small, corexii_item_surrounded_by_moat,
          minmay_tree_intersection
D:4:      layout_basic, kennysheep_little_box, trog_ov_bears_minmay,
          zin_statuary, kennysheep_mini_moat, lemuel_round_altar,
          mainiacjoe_overflow_alcove_1, minmay_mini_ossuary
D:5:      layout_loops_ring, nicolae_tso_carved_into_rock

Skill      XL: |  1  2  3  4  5  6  7 |
---------------+----------------------+-----
Ranged Weapons | 3 4 5 6 7 8 |  8.3
Fighting       | 2 3 4 5 |  5.7
Armour         | 1 |  1.8
Dodging        | 3 |  3.1
Spellcasting   | |  1.0
Hexes          | |  2.0

Action                     |  1- 3 |  4- 6 |  7- 9 || total
---------------------------+-------+-------+-------++-------
   Fire: Sling             |    74 |   155 |   106 ||   335
    Use: Scroll            |     2 |     2 |     2 ||     6
         Potion            |       |     2 |     4 ||     6
 Armour: Robe              |     2 |       |       ||     2
         Steam dragon scal |     9 |    24 |    13 ||    46
  Dodge: Dodged            |    24 |    44 |    35 ||   103

Table legend:
 A = Non-vault XP
 B = Vault XP
 C = Vault XP percentage of total XP
 D = Non-vault monster count
 E = Vault monster count
 F = Vault count percentage of total count
                 A         B        C        D         E       F
            +---------+---------+-------+---------+---------+-------
      Total |    1036 |     383 |  27.0 |      75 |      18 |  19.4
            +---------+---------+-------+---------+---------+-------
        D:1 |      17 |       0 |   0.0 |      11 |       0 |   0.0
        D:2 |     147 |     102 |  41.0 |      21 |      11 |  34.4
        D:3 |      36 |       0 |   0.0 |      13 |       0 |   0.0
        D:4 |     568 |     281 |  33.1 |      25 |       7 |  21.9
        D:5 |     268 |       0 |   0.0 |       5 |       0 |   0.0
            +---------+---------+-------+---------+---------+-------
